 Dungeon Crawl Stone Soup version 0.28-a0-1382-g92835e5c71 (webtiles) character file.

Game seed: 7168090929470725600

51 bjtr the Conjurer (level 4, 0/30 HPs)
             Began as a Human Conjurer on Jan 1, 2022.
             Succumbed to an adder's poison
             ... on level 2 of the Dungeon.
             The game lasted 00:07:05 (1788 turns).

bjtr the Conjurer (Human Conjurer)                  Turns: 1788, Time: 00:07:06

Health: 0/30       AC:  3    Str:  7    XL:     4   Next: 7%
Magic:  2/7        EV: 12    Int: 20    God:
Gold:   43         SH:  0    Dex: 12    Spells: 4/7 levels left

rFire   . . .      SeeInvis .   g - +1 flail
rCold   . . .      Faith    .   (no shield)
rNeg    . . .      Spirit   .   i - +0 robe {Will+}
rPois   .          Reflect  .   k - +0 helmet
rElec   .          Harm     .   (no cloak)
rCorr   .          Rampage  .   (no gloves)
Will    +....                   (no boots)
Stlth   ++........              (no amulet)
HPRegen 0.10/turn               (no ring)
MPRegen 0.10/turn               (no ring)

@: lethally poisoned (0 -> -3)
A: no striking features
a: no special abilities


You were on level 2 of the Dungeon.
You visited 1 branch of the dungeon, and saw 2 of its levels.

You collected 43 gold pieces.

Inventory:

Hand Weapons
 b - a +0 dagger
 g - a +1 flail (weapon)
Missiles
 a - 58 stones
 o - 24 sling bullets
Armour
 d - an orb of wrath
 i - a +0 robe of willpower (worn)
 k - a +0 helmet (worn)
 l - a +0 ring mail
 n - a +0 leather armour
Jewellery
 e - a ring of fire
 m - a ring of fire
Scrolls
 h - a scroll of amnesia


   Skills:
 + Level 2.1 Dodging
 - Level 2.0 Stealth
 + Level 2.4 Spellcasting
 + Level 5.0 Conjurations


You had 4 spell levels left.
You knew the following spells:

 Your Spells              Type           Power      Damage    Failure   Level
a - Magic Dart            Conj           88%        1d7       1%          1
b - Searing Ray           Conj           44%        2d6       3%          2

Your spell library contained the following spells:

 Spells                   Type           Power      Damage    Failure   Level
 Dazzling Flash           Conj/Hex       24%        N/A       16%         3
 Fulminant Prism          Conj/Hex       6%         3d7       47%         4
 Iskenderun's Mystic Bla  Conj/Tloc      12%        2d5       47%         4


Dungeon Overview and Level Annotations

Branches:
Dungeon (2/15)

Altars:


Message History

You feel sick. The adder bites you.
You are more poisoned.
The adder poisons you!
Casting: Searing Ray (safe; 3% risk of failure)
Confirm with . or Enter, or press ? or * to list all spells.
You don't have enough magic to cast this spell.
You completely miss the adder.
The adder is heavily wounded.
You feel very sick. The adder bites you but does no damage.
The adder bites you.
* * * LOW HITPOINT WARNING * * *
You are more poisoned.
The adder poisons you!
You sock the adder!
You kill the adder!
* * * LOW HITPOINT WARNING * * *
You feel very sick.
Your Conjurations skill increases to level 5!
You have reached level 4!
You feel agile.
* * * LOW HITPOINT WARNING * * *
You feel sick.
You see here an adder corpse.
There is a lethal amount of poison in your body!
You aren't carrying any potions.
As you read the scroll labelled ZUTELUTTIF, it crumbles to dust.
You hear a loud clanging noise!
It was a scroll of noise.
* * * LOW HITPOINT WARNING * * *
You feel sick.
You hear an angry hiss.
As you read the scroll labelled ULEVVE PALIXT, it crumbles to dust.
It is a scroll of identify.
h - a scroll of amnesia
* * * LOW HITPOINT WARNING * * *
You feel sick.
As you read the scroll labelled ITTAHI JUIFODD, it crumbles to dust.
It is a scroll of enchant weapon.
Your +0 flail glows red for a moment.
You die...

.# .. .# ## #
.. # #. # #.
#. ##.##
#.###...####.#
#.......@....#
#####...######
......##
######


There were no monsters in sight!

Vanquished Creatures
  An adder (D:2)
  A gnoll (D:1)
  6 endoplasms
  A giant cockroach (D:1)
  A goblin (D:1)
  3 hobgoblins (D:1)
  2 jackals (D:1)
  3 ball pythons
  4 bats
  3 frilled lizards
  4 kobolds
  2 rats (D:1)
31 creatures vanquished.

Vanquished Creatures (others)
  4 toadstools (D:1)
4 creatures vanquished.

Grand Total: 35 creatures vanquished

Notes
Turn   | Place    | Note
-------+----------+-------------------------------------------
     0 | D:1      | bjtr the Human Conjurer began the quest for the Orb.
     0 | D:1      | Reached XP level 1. HP: 13/13 MP: 3/3
   248 | D:1      | Reached XP level 2. HP: 19/19 MP: 0/5
   254 | D:1      | Learned a level 2 spell: Searing Ray
   701 | D:1      | Reached XP level 3. HP: 24/24 MP: 3/6
  1785 | D:2      | Reached skill level 5 in Conjurations
  1785 | D:2      | Reached XP level 4. HP: 5/30 MP: 1/7
  1787 | D:2      | HP: 1/30 [poisoned by an adder]
  1788 | D:2      | Succumbed to an adder's poison

Illustrated notes

Levels and vault maps discovered:
D:1:      ldierk_walled_garden_2, layout_loops_corners, serial_bayou_pond_e,
          chequers_serial_rivers_micro_b, patterned_corridor
D:2:      layout_loops_ring, kennysheep_cross_bottleneck

Skill      XL: |  1  2  3 |
---------------+----------+-----
Conjurations   | 5 |  5.0
Dodging        | |  2.1
Stealth        | |  2.0
Spellcasting   | |  2.4

Action                   |  1- 3 |  4- 6 || total
-------------------------+-------+-------++-------
Melee: Dagger            |     1 |       ||     1
       Flail             |     6 |       ||     6
 Cast: Magic Dart        |    10 |       ||    10
       Searing Ray       |    19 |       ||    19
  Use: Scroll            |       |     3 ||     3
 Stab: Sleeping          |     1 |       ||     1
Armor: Robe              |     3 |       ||     3
Dodge: Dodged            |    10 |       ||    10

Table legend: (Time is in decaauts)
 A = Elapsed time spent in this place.
 B = Non-inter-level travel time spent in this place.
 C = Inter-level travel time spent in this place.
 D = Time resting spent in this place.
 E = Time spent auto-exploring this place.
 F = Levels seen in this place.
 G = Mean time per level.
                   A        B        C        D        E       F      G
               +--------+--------+--------+--------+--------+-----+--------+
         Total |   1787 |   1779 |      8 |    215 |   1333 |   2 |  893.5 |
       Dungeon |   1787 |   1779 |      8 |    215 |   1333 |   2 |  893.5 |
               +--------+--------+--------+--------+--------+-----+--------+

Top non-repeatable levels by time:
     D:1: 1522 daAuts
     D:2: 265 daAuts
